 Dungeon Crawl Stone Soup version 0.31-a0-654-gbe3e110b4e (webtiles) character file.

Game seed: 18047358389981285584

175 Dirtsage the Changeling (level 5, -1/33 HPs)
             Began as an Octopode Shapeshifter on Aug 29, 2023.
             Constricted to death by Ijyb (6 damage)
             ... on level 3 of the Dungeon.
             The game lasted 00:04:02 (1689 turns).

Dirtsage the Changeling (Octopode Shapeshifter)     Turns: 1689, Time: 00:04:03

Health: -1/33      AC:  1    Str: 15    XL:     5   Next: 55%
Magic:  5/5        EV: 10    Int: 13    God:
Gold:   95         SH:  0    Dex: 11    Spells: 4/4 levels left

rFire   . .          .
                       - Unarmed
rCold   . . .        (no shield)
rNeg    + . .        (helmet currently unavailable)
rPois   +            (no amulet)
rElec   .            N - ring of positive energy
rCorr   .            P - ring of poison resistance
SInv    .            (no ring)
Will    .....        (no ring)
Stlth   ++           (no ring)
HPRegen 0.25/turn    (no ring)
MPRegen 0.09/turn    (no ring)
                     (no ring)

%: no passive effects
@: beast-form, grasped by roots, constricted
A: beast (slay +2), almost no armour, amphibious, 8 rings, camouflage 1,
gelatinous body 1, (nimble swimmer 1), tentacles
a: Begin Untransformation


You were on level 3 of the Dungeon.
You were a hulking beast.
You visited 1 branch of the dungeon, and saw 3 of its levels.

You collected 95 gold pieces.

Inventory:

Magical Staves
 r - a staff of death
Jewellery
 N - a ring of positive energy (left tentacle)
 P - a ring of poison resistance (right tentacle)
Talismans
 b - a beast talisman (active)
 c - a flux talisman
Scrolls
 d - a scroll of blinking {unknown}
 f - a scroll of vulnerability {unknown}
 g - 5 scrolls of fear {unknown}
 h - a scroll of noise {unknown}
 j - a scroll of teleportation {unknown}
 l - a scroll of fog {unknown}
Potions
 a - a potion of lignification
 e - a potion of cancellation {unknown}
 i - 2 potions of curing {unknown}
 k - a potion of brilliance {unknown}
 m - a potion of magic {unknown}
 n - a potion of haste {unknown}
 o - a potion of invisibility {unknown}
 p - a potion of enlightenment {unknown}
 q - a potion of heal wounds {unknown}


   Skills:
 - Level 1.0 Fighting
 - Level 2.0 Dodging
 + Level 4.2 Unarmed Combat
 * Level 4.9 Shapeshifting


You had 4 spell levels left.
You didn't know any spells.
Your spell library contained the following spells:

 Spells                   Type           Power      Damage    Failure   Level
 Necrotise                Necr           0%         1d4       30%         1


Dungeon Overview and Level Annotations

Branches:
Dungeon (3/15)

Altars:
Elyvilon
Sif Muna

Annotations:
D:3 Ijyb


Innate Abilities, Weirdness & Mutations

You are a hulking beast.
Your limbs bulge with bestial killing power. (Slay +2)
You cannot wear most types of armour.
You are amphibious.
You can wear up to eight rings at the same time.
Your skin changes colour to match your surroundings (Stealth+).
Your rubbery body absorbs attacks. (AC +1, EV +1)
((You are camouflaged when in or above water. (Stealth+)))
You have tentacles for arms and can constrict up to eight enemies at once.


Message History

You bludgeon the rat!
You kill the rat!
A ball python comes into view.
The bat hits you but does no damage. The rat bites you.
A hobgoblin comes into view.
Ijyb zaps a wand.
The roots erupt in riotous growth!
The grasping roots grab you!
The rat is unaffected.
The bat is unaffected.
The grasping roots constrict you. The bat hits you but does no damage.
The hobgoblin shouts!
You hear a shout! x2
You take 6 damage, and have 27/33 hp.
You barely miss the rat. You grab the rat. You squeeze the rat.
You kill the rat!
The bat hits you but does no damage. The grasping roots constrict you.
You take 6 damage, and have 21/33 hp.
You tentacle-slap the bat. Your grab misses the bat. You tentacle-slap the bat.
You kill the bat!
The grasping roots constrict you.
You take 6 damage, and have 15/33 hp.
You escape the roots grasp.
A giant cockroach, a goblin and a kobold come into view.
The goblin shouts!
Ijyb zaps a wand.
The roots erupt in riotous growth!
The grasping roots grab you!
Ijyb is unaffected.
The grasping roots constrict you.
The kobold moves out of view.
You hear a shout!
There is a stone staircase leading up here.
You take 4 damage, and have 11/33 hp.
You tentacle-slap Ijyb. Your grab misses Ijyb. Your squeeze misses Ijyb.
Ijyb is lightly wounded.
Ijyb closely misses you. The grasping roots constrict you.
* * * LOW HITPOINT WARNING * * *
You take 2 damage, and have 9/33 hp.
You tentacle-slap Ijyb. You grab Ijyb.
Ijyb is moderately wounded.
You constrict Ijyb. Ijyb hits you with a +0 dagger.
* * * LOW HITPOINT WARNING * * *
The grasping roots constrict you.
You die...

.# ..#~ #
.##...~ #.
....B.~ ##.
.....~~ #...
##.....#~
###..##.gr.#?..
#...!††.g#.K...
#...hS..#
#.##.#..# ..
#.....g... ##
#......[._
..........
##.........
#........8
#.........
......._..


You could see Ijyb, a giant cockroach, a hobgoblin, a goblin, a ball python, a
kobold and a rat.

Vanquished Creatures
  Jessica (D:2)
  Natasha (twice) (D:2)
  A gnoll (D:2)
  4 adders (D:2)
  2 worms (D:2)
  6 endoplasms
  2 giant cockroaches
  5 goblins
  4 hobgoblins (D:1)
  5 jackals (D:1)
  2 quokkas
  2 ball pythons
  5 bats
  3 frilled lizards
  5 kobolds
  3 rats
52 creatures vanquished.

Notes
Turn   | Place    | Note
-------+----------+-------------------------------------------
     0 | D:1      | Dirtsage the Octopode Shapeshifter began the quest for the
                  | Orb.
     0 | D:1      | Reached XP level 1. HP: 13/13 MP: 1/1
   134 | D:1      | Reached XP level 2. HP: 18/18 MP: 2/2
   329 | D:1      | Upgraded the game from 0.31-a0-640-g39d97e502b to
                  | 0.31-a0-654-gbe3e110b4e
   696 | D:1      | Reached XP level 3. HP: 23/23 MP: 3/3
   926 | D:2      | Noticed Natasha
  1114 | D:2      | Killed Natasha
  1115 | D:2      | Reached XP level 4. HP: 12/28 MP: 4/4
  1293 | D:2      | Found a faded altar of an unknown god.
  1304 | D:2      | Got Plato's Cyclopedia of Bones
  1326 | D:2      | Noticed Jessica
  1333 | D:2      | Killed Jessica
  1334 | D:2      | Reached XP level 5. HP: 32/33 MP: 5/5
  1517 | D:2      | Noticed Natasha
  1523 | D:2      | Killed Natasha
  1681 | D:3      | Noticed Ijyb
  1681 | D:3      | Found a white marble altar of Elyvilon.
  1682 | D:3      | Found a shimmering blue altar of Sif Muna.
  1689 | D:3      | Constricted to death by Ijyb

Illustrated notes

Levels and vault maps discovered:
D:1:      minmay_arrival_split_and_join, layout_loops_ring, serial_bayou_ford_a
D:2:      layout_rooms, shapermc_ecumenical_altar_rom_forum,
          minmay_heptomino_h4, uniq_jessica, uniq_natasha
D:3:      layout_rooms, grunt_temple_overflow_open,
          cheibrodos_sewer_entry_drain, serial_shops,
          nicolae_shop_real_fake_doors, shop, nicolae_shop_gibbet_a_chance,
          uniq_sigmund, uniq_ijyb

Skill      XL: |  1  2  3  4 |
---------------+-------------+-----
Shapeshifting  | 4 |  4.9
Unarmed Combat | 4 |  4.2
Fighting       | |  1.0
Dodging        | |  2.0

Action                     |  1- 3 |  4- 6 || total
---------------------------+-------+-------++-------
  Melee: Unarmed           |    61 |    38 ||    99
         Constrict         |    14 |    15 ||    29
         Tentacles         |     9 |    11 ||    20
         Punch             |     2 |     4 ||     6
   Stab: Sleeping          |     6 |     1 ||     7
 Armour: Skin              |       |     7 ||     7
  Dodge: Dodged            |    31 |    26 ||    57

Table legend: (Time is in decaauts)
 A = Elapsed time spent in this place.
 B = Non-inter-level travel time spent in this place.
 C = Inter-level travel time spent in this place.
 D = Time resting spent in this place.
 E = Time spent auto-exploring this place.
 F = Levels seen in this place.
 G = Mean time per level.
                   A        B        C        D        E       F      G
               +--------+--------+--------+--------+--------+-----+--------+
         Total |   1692 |   1647 |     45 |    186 |   1193 |   3 |  564.0 |
       Dungeon |   1692 |   1647 |     45 |    186 |   1193 |   3 |  564.0 |
               +--------+--------+--------+--------+--------+-----+--------+

Top non-repeatable levels by time:
     D:1: 1086 daAuts
     D:2: 598 daAuts
     D:3: 7 daAuts
